 Dungeon Crawl Stone Soup version 0.17-a0-870-gcb215c1 (webtiles) character file.

128 inmateoo the Sneak (level 5, -3/28 HPs)
             Began as a Kobold Enchanter on Apr 29, 2015.
             Killed from afar by an orc wizard (11 damage)
             ... with a puff of flame
             ... on level 4 of the Dungeon.
             The game lasted 00:05:03 (3190 turns).

inmateoo the Sneak (Kobold Enchanter)               Turns: 3190, Time: 00:05:03

Health: -3/28      AC:  5    Str:  6    XL:     5   Next: 34%
Magic:  0/8        EV: 17    Int: 13    God:
Gold:   65         SH:  0    Dex: 21    Spells: 3 memorised, 2 levels left

rFire  . . .     SeeInvis .     a - +1 dagger
rCold  . . .     Clarity  .     b - +2 robe
rNeg   . . .     SustAb   .     (shield restricted)
rPois  .         Gourm    .     (no helmet)
rElec  .         Spirit   .     (no cloak)
rCorr  .         Warding  .     i - +0 pair of gloves
rMut   .         Stasis   .     (no boots)
MR     .....                    g - amulet of regeneration
Stlth  ++++......               (no ring)
                                j - +3 ring of dexterity

@: very slightly contaminated, not resistant to hostile enchantments, stealthy
A: carnivore 3
a: no special abilities


You were on level 4 of the Dungeon.
You were not hungry.

You visited 1 branch of the dungeon, and saw 4 of its levels.

You collected 65 gold pieces.

Inventory:

Hand weapons
 a - a +1 dagger (weapon)
Armour
 b - a +2 robe (worn)
 i - a +0 pair of gloves (worn)
Jewellery
 g - an amulet of regeneration (around neck)
 j - a +3 ring of dexterity (left hand)
Scrolls
 l - 2 scrolls of amnesia {unknown}
 n - a scroll of remove curse {unknown}
 o - a scroll of identify
 q - a scroll of fear {unknown}
Potions
 e - 3 potions of curing
 f - a potion of heal wounds {unknown}
 h - 3 potions of agility {unknown}
 k - 2 potions of magic {unknown}
 m - a potion of cancellation {unknown}
Books
 c - a book of Maledictions

   Spells                             Type                      Level
   a - Corona                         Hexes                        1
   b - Ensorcelled Hibernation        Hexes/Ice                    2
   c - Confuse                        Hexes                        3
   d - Tukima's Dance                 Hexes                        3
   e - Dazzling Spray                 Conjuration/Hexes            3
Comestibles
 d - 2 meat rations
 p - 2 chunks of flesh


   Skills:
 * Level 3.8 Short Blades
 + Level 3.3 Dodging
 + Level 4.9 Stealth
 + Level 2.5 Spellcasting
 + Level 3.5 Hexes


You had 2 spell levels left.
You knew the following spells:

 Your Spells              Type           Power        Failure   Level  Hunger
a - Corona                Hex            ##.....      8%          1    #......
b - Confuse               Hex            ##......     17%         3    ###....
c - Tukima's Dance        Hex            ##......     17%         3    ###....


Dungeon Overview and Level Annotations

Branches:
Dungeon (4/15)
 Temple: D:4-7

Altars:

Annotations:
D:1 Terence


Innate Abilities, Weirdness & Mutations

You are small and have problems with some larger weapons.
You are carnivorous and can eat meat at any time.


Message History

Casting: Corona
Confirm with . or Enter, or press ? or * to list all spells.
Aiming: Corona
Press: ? - help, Shift-Dir - straight line You miscast Corona.
You feel off-balance for a moment.
The orc throws a tomahawk.
The tomahawk completely misses you. Something hits you.
Unknown command.
Unknown command.
Unknown command.
You closely miss something. Something hits you but does no damage.
You hear some strange, mumbled words.
A puff of flame appears from out of thin air!
The puff of flame hits you!
* * * LOW HITPOINT WARNING * * *
Unknown command.
You hear some strange, mumbled words.
A puff of flame appears from out of thin air!
The puff of flame hits you!
You die...

. #.. ####
#...# ###..##
###...#
##....(#
.....#
#...##@# ....#
#..###(# ...##
##..# #{#
#...######...#
#o#
##..........##
#.#
#...#########
#.# #..## ..#
#..# ...# ..##
....#


You could see an orc.

Vanquished Creatures
  An orc priest (D:4)
  3 adders (D:2)
  An ooze (D:2)
  2 orcs
  2 giant cockroaches
  10 hobgoblins
  3 jackals
  13 kobolds
  3 ball pythons
  7 bats
  2 giant newts
  9 goblins
  8 rats
64 creatures vanquished.

Notes
Turn   | Place    | Note
--------------------------------------------------------------
     0 | D:1      | inmateoo, the Kobold Enchanter, began the quest for the Orb.
     0 | D:1      | Reached XP level 1. HP: 10/10 MP: 3/3
   209 | D:1      | Reached XP level 2. HP: 9/15 MP: 5/5
  1199 | D:1      | Reached XP level 3. HP: 19/19 MP: 6/6
  1901 | D:2      | Noticed Terence
  1986 | D:2      | Reached XP level 4. HP: 20/24 MP: 5/7
  2893 | D:3      | You fall through a shaft!
  3098 | D:4      | Learned a level 3 spell: Confuse
  3102 | D:4      | Learned a level 3 spell: Tukima's Dance
  3174 | D:4      | Reached XP level 5. HP: 28/28 MP: 1/8
  3190 | D:4      | Killed from afar by an orc wizard

Action                   |  1- 3 |  4- 6 || total
-------------------------+-------+-------++-------
Melee: Dagger            |   163 |   128 ||   291
 Cast: Corona            |     1 |     2 ||     3
       Tukima's Dance    |       |     1 ||     1
  Use: Scroll            |     2 |     1 ||     3
 Stab: Sleeping          |     4 |     3 ||     7
       Distracted        |     1 |       ||     1
  Eat: Chunk             |     3 |     5 ||     8
